 Dungeon Crawl Stone Soup version 0.19-a0-1851-g3228ea0 (webtiles) character file.

30 Zhenya24pyc the Skirmisher (level 3, -1/23 HPs)
             Began as a Gargoyle Fighter on Oct 10, 2016.
             Slain by Duvessa
             ... wielding a +0 short sword
              (3 damage)
             ... on level 4 of the Dungeon.
             The game lasted 00:01:19 (867 turns).

Zhenya24pyc the Skirmisher (Gargoyle Fighter)        Turns: 867, Time: 00:01:20

Health: -1/23      AC: 11    Str: 20    XL:     3   Next: 20%
Magic:  3/3        EV:  7    Int:  8    God:
Gold:   100        SH:  9    Dex:  9    Spells: 0 memorised, 2 levels left

rFire  . . .     SeeInvis .     a - +0 war axe
rCold  . . .     Gourm    .     b - +0 scale mail
rNeg   + . .     Faith    .     c - +0 shield
rPois  ∞         Spirit   .     j - +0 helmet
rElec  +         Dismiss  .     (no cloak)
rCorr  .         Reflect  .     (no gloves)
MR     .....     Harm     .     (no boots)
Stlth  ..........               (no amulet)
                                (no ring)
                                (no ring)

@: no status effects
A: negative energy resistance 1, electricity resistance, unbreathing,
petrification resistance, rot immunity, AC +3
a: no special abilities


You were on level 4 of the Dungeon.
You were not hungry.

You visited 1 branch of the dungeon, and saw 3 of its levels.

You collected 100 gold pieces.

Inventory:

Hand Weapons
 a - a +0 war axe (weapon)
Armour
 b - a +0 scale mail (worn)
 c - a +0 shield (worn)
 j - a +0 helmet (worn)
Scrolls
 g - 2 scrolls of teleportation {unknown}
 h - a scroll of random uselessness {unknown}
 i - 2 scrolls of recharging {unknown}
 k - 2 scrolls of identify {unknown}
 l - a scroll of fear {unknown}
Potions
 d - a potion of might
 e - a potion of curing {unknown}
Comestibles
 f - a bread ration


   Skills:
 + Level 3.6 Fighting
 * Level 2.7 Axes
 + Level 3.5 Armour
 - Level 3.2 Shields


You had 2 spell levels left.
You didn't know any spells.

Dungeon Overview and Level Annotations

Branches:
Dungeon (2/15)

Altars:

Annotations:
D:4 Dowan, Duvessa


Innate Abilities, Weirdness & Mutations

You are resistant to torment.
Your stone body is resilient. (AC +3)
You are immune to poison.
You resist negative energy. (rN+)
You are resistant to electric shocks. (rElec)
You can survive without breathing.
You are immune to petrification.
You are immune to rotting.


Message History

The jackal bites you but does no damage.
Duvessa hits you but does no damage.
The jackal bites you but does no damage.
The phantom hits you but does no damage.
You block Duvessa's attack.
There are monsters nearby!
You closely miss the phantom.
The phantom is moderately damaged.
You barely miss the jackal. You slash the jackal!
You kill the jackal!
You barely miss Duvessa. You closely miss the jackal.
The jackal bites you but does no damage.
You block Duvessa's attack.
The jackal bites you but does no damage.
The phantom hits you.
* * * LOW HITPOINT WARNING * * *
The phantom blinks!
The jackal bites you but does no damage.
Duvessa hits you with a short sword.
You die...

...............
......W.........
................
................
................
................
......he.......
#..e§@h..#
##.###..##
###..## #...##
#..## #..# ##.#
#..# ##..#


You could see a phantom, Duvessa, Dowan and 2 jackals.

Vanquished Creatures
  A dart slug (D:1)
  2 leopard geckos
  2 giant cockroaches
  4 goblins
  A hobgoblin (D:1)
  A jackal (D:4)
  2 kobolds (D:1)
  5 bats
  A frilled lizard (D:1)
  7 rats (D:1)
26 creatures vanquished.

Notes
Turn   | Place    | Note
-------+----------+-------------------------------------------
     0 | D:1      | Zhenya24pyc the Gargoyle Fighter began the quest for the Orb.
     0 | D:1      | Reached XP level 1. HP: 14/14 MP: 1/1
   175 | D:1      | Reached XP level 2. HP: 18/19 MP: 2/2
   696 | D:1      | Reached XP level 3. HP: 23/23 MP: 3/3
   851 | D:2      | You fall through a shaft for 2 floors!
   856 | D:4      | Noticed Duvessa
   858 | D:4      | Noticed Dowan
   859 | D:4      | Noticed a phantom
   867 | D:4      | Slain by Duvessa

Vault maps used:
D:1:      dpeg_arrival_water_fire
D:2:      overflow_temple_1_default, marbit_many_paths,
          kennysheep_generic_room_11
D:4:      first_bread, uniq_duvessa

Skill      XL: |  1 |
---------------+----+-----
Axes           | 2 |  2.7
Fighting       | |  3.6
Armour         | |  3.5
Shields        | |  3.2

Action                   || total
-------------------------++-------
Melee: War axe           ||    77
Armor: Scale mail        ||    57
Dodge: Dodged            ||    28
Block: Shield            ||    50
